 Dungeon Crawl Stone Soup version 0.31-a0-986-g5e6e4ef867 (webtiles) character file.

Game seed: 4921978683702809038

1131 rvierbuc the Slasher (level 8, -8/62 HPs)
             Began as a Demonspawn Gladiator on Nov 3, 2023.
             Was an Initiate of Qazlal.
             Mangled by a mummy (24 damage)
             ... on level 6 of the Dungeon on Nov 6, 2023.
             The game lasted 00:21:01 (4844 turns).

rvierbuc the Slasher (Demonspawn Gladiator)         Turns: 4844, Time: 00:21:02

Health: -8/62      AC:  8    Str: 14    XL:     8   Next: 13%
Magic:  17/17      EV: 10    Int:  9    God:    Qazlal [......]
Gold:   245        SH:  0    Dex: 18    Spells: 7/7 levels left

rFire   . . .        w - +0 falchion
rCold   . . .        n - orb {mayhem}
rNeg    . . .        A - +0 chain mail
rPois   .            (helmet restricted)
rElec   .            (no cloak)
rCorr   .            (no gloves)
SInv    .            (no boots)
Will    .....        h - amulet of the acrobat Stlth
                     f - ring of magical power
HPRegen 0.30/turn    (no ring)
MPRegen 0.15/turn

%: mayhem, acrobat
@: no status effects
A: horns 2, foul stench 1, spiny 1, sturdy frame 1
a: Renounce Religion


You were on level 6 of the Dungeon.
You worshipped Qazlal.
Qazlal was noncommittal.
You visited 2 branches of the dungeon, and saw 7 of its levels.

You collected 245 gold pieces.

Inventory:

Hand Weapons
 a - a +0 long sword
 w - a +0 falchion (weapon)
Missiles
 d - 3 throwing nets
 e - 7 javelins
 F - 2 atropa-tipped darts (quivered)
Armour
 b - a +0 leather armour
 c - a +0 helmet
 j - a +0 ring mail
 n - an orb of mayhem (worn)
 s - a scarf of invisibility
 v - a +0 scale mail
 A - a +0 chain mail (worn)
Magical Staves
 x - a staff of death
Jewellery
 f - a ring of magical power (left hand)
 h - an amulet of the acrobat (around neck)
 u - an amulet of reflection
Wands
 y - a wand of paralysis (4)
Scrolls
 g - 4 scrolls of teleportation
 i - a scroll of identify
 k - a scroll of enchant weapon
 l - 3 scrolls of poison
 r - a scroll of noise
 D - 2 scrolls of immolation
Potions
 m - 2 potions of heal wounds {unknown}
 o - a potion of berserk rage {unknown}
 p - a potion of degeneration {unknown}
 q - a potion of brilliance {unknown}
 t - 2 potions of lignification {unknown}
 z - 2 potions of curing {unknown}
 B - 2 potions of attraction {unknown}
 E - a potion of enlightenment {unknown}
 G - a potion of invisibility {unknown}


   Skills:
 + Level 5.1 Fighting
 + Level 5.1 Long Blades
 + Level 4.6 Throwing
 + Level 5.1 Dodging


You had 7 spell levels left.
You didn't know any spells.
Your spell library contained the following spells:

 Spells                   Type           Power      Damage    Failure   Level
 Apportation              Tloc           0%         N/A       98%         1
 Shock                    Conj/Air       0%         1d3       98%         1
 Jinxbite                 Hex            0%         N/A       99%         2
 Swiftness                Air            0%         N/A       100%        3
 Airstrike                Air            0%         2d(0-16)  100%        4
 Alistair's Intoxication  Tmut/Pois      0%         N/A       100%        5


Dungeon Overview and Level Annotations

Branches:
Dungeon (6/15)             Temple (1/1) D:4

Altars:
Ashenzari
Cheibriados
Dithmenos
Gozag
Hepliaklqana
Nemelex Xobeh
Okawaru
Qazlal
Sif Muna
Trog
Uskayaw
Xom
Yredelemnul

Shops:
D:2 [

Portals:
Ossuary: D:6


Innate Abilities, Weirdness & Mutations

You have a pair of horns on your head.
You may rarely emit foul miasma when damaged in melee.
You are partially covered in sharp spines.
Your movements are slightly less encumbered by armour. (ER -2)


Message History

You see here an iguana corpse.
Found 8 stones.
Found an escape hatch in the floor.
A scorpion comes into view.
Found 7 gold pieces.
As you open the door, it creaks loudly!
A mummy comes into view.
Found a sand-covered staircase.
The scorpion attacks as it pursues you! The scorpion closely misses you.
The scorpion is struck by your spines. The scorpion misses you.
The scorpion completely misses you.
You closely miss the scorpion.
The scorpion is moderately wounded.
The scorpion barely misses you.
You hit the scorpion but do no damage. You headbutt the scorpion.
The scorpion is severely wounded.
The scorpion closely misses you.
The scorpion stings you but does no damage.
You hit the scorpion but do no damage. Your headbutt misses the scorpion.
The scorpion is severely wounded.
The scorpion stings you but does no damage.
The scorpion attacks as it pursues you! The scorpion barely misses you.
You see here 7 gold pieces.
You hit the scorpion.
You headbutt the scorpion, but do no damage.
The scorpion is almost dead.
The scorpion stings you.
You slash the scorpion!
You kill the scorpion!
Qazlal accepts your kill.
The mummy flies into a frenzy!
You barely miss the mummy. The mummy barely misses you.
You hit the mummy.
The mummy is moderately damaged.
The mummy is struck by your spines. The mummy hits you!!
* * * LOW HITPOINT WARNING * * *
You slash the mummy!
The mummy is almost destroyed.
The mummy hits you!!
You die...

*,,.#*,,** ##.....
#.#.(#,## #......
#.##..#.# #......
#.#*#...# ##......
#.+,##..#*#.......
##.###.#..##.######
#..##..##....#
#..#...###..##
*#.@M...'∩##..# **
#...#...###..##****,
#...##..##...###..,,
#...###.#..........,
*#...+,##...........,
*....#*#.......#....,
#....##s.......####.,
#....#.........# **,
*,,,...........# **


You could see a neutral mummy (fast, strong, frenzied).

Vanquished Creatures
  4 ice beasts
  An ogre (D:5)
  A phantom (D:4)
  4 scorpions
  2 hounds
  A sleepcap (D:5)
  3 iguanas
  Ijyb (D:4)
  6 adders
  A white imp (D:6)
  2 ufetubi (D:5)
  5 dart slugs
  4 orcs
  13 ball pythons
  3 bats
  4 endoplasms
  6 giant cockroaches
  5 goblins
  2 hobgoblins
  3 jackals (D:1)
  8 kobolds
  5 quokkas
  12 frilled lizards
  4 rats
100 creatures vanquished.

Vanquished Creatures (collateral kills)
  A sleepcap (D:5)
  A frilled lizard (D:5)
2 creatures vanquished.

Vanquished Creatures (others)
  2 frilled lizards (D:5)
2 creatures vanquished.

Grand Total: 104 creatures vanquished

Notes
Turn   | Place    | Note
-------+----------+-------------------------------------------
     0 | D:1      | rvierbuc the Demonspawn Gladiator began the quest for the
                  | Orb.
     0 | D:1      | Reached XP level 1. HP: 16/16 MP: 1/1
   148 | D:1      | Gained mutation: You may rarely emit foul miasma when
                  | damaged in melee. [demonic ancestry]
   148 | D:1      | Reached XP level 2. HP: 21/22 MP: 2/2
   489 | D:1      | Gained mutation: Your movements are slightly less
                  | encumbered by armour. (ER -2) [demonic ancestry]
   489 | D:1      | Reached XP level 3. HP: 22/28 MP: 3/3
  1240 | D:2      | Found Ozaohene's Antique Armour Shop.
  1673 | D:3      | Gained mutation: You are partially covered in sharp spines.
                  | [demonic ancestry]
  1673 | D:3      | Reached XP level 4. HP: 34/34 MP: 4/4
  2466 | D:4      | Noticed Ijyb
  2474 | D:4      | Killed Ijyb
  2702 | D:4      | Found a staircase to the Ecumenical Temple.
  2758 | D:4      | Found a hide-covered altar of Uskayaw.
  3100 | D:5      | Entered Level 5 of the Dungeon
  3100 | D:5      | Noticed an ogre
  3100 | D:5      | Noticed a phantom
  3111 | D:4      | Killed a phantom
  3112 | D:4      | Gained mutation: You have a pair of small horns on your
                  | head. [demonic ancestry]
  3112 | D:4      | Reached XP level 5. HP: 38/41 MP: 5/5
  3174 | D:5      | Noticed an ice beast
  3186 | D:5      | Reached XP level 6. HP: 30/47 MP: 6/6
  3192 | D:5      | Killed an ice beast
  3525 | D:5      | Noticed an ice beast
  3534 | D:5      | Killed an ice beast
  3535 | D:5      | Reached XP level 7. HP: 29/54 MP: 7/7
  4236 | D:5      | Found a shadowy altar of Dithmenos.
  4236 | D:5      | Found a broken altar of Ashenzari.
  4537 | Temple   | Entered the Ecumenical Temple
  4538 | Temple   | Upgraded the game from 0.31-a0-983-g7b6862f502 to
                  | 0.31-a0-986-g5e6e4ef867
  4650 | Temple   | Became a worshipper of Qazlal Stormbringer
  4798 | D:6      | Reached skill level 5 in Fighting
  4798 | D:6      | Reached skill level 5 in Long Blades
  4798 | D:6      | Reached skill level 5 in Dodging
  4798 | D:6      | Gained mutation: You have a pair of horns on your head.
                  | [demonic ancestry]
  4798 | D:6      | Reached XP level 8. HP: 49/62 MP: 8/8
  4832 | D:6      | Found a sand-covered staircase.
  4844 | D:6      | Mangled by a mummy

Illustrated notes

Levels and vault maps discovered:
D:1:      dpeg_arrival_stone_temple_mockup, layout_basic, columned_hall_lemuel
D:2:      layout_basic, serial_shops, nicolae_square_shop, minmay_fountain_box,
          minmay_misc_feat_x
D:3:      layout_loops_corners
D:4:      layout_loops_ring, mainiacjoe_overflow_cross_hatched,
          mainiacjoe_overflow_brackets, minmay_temple_entry_large_hall,
          uniq_ijyb
D:5:      layout_loops_ring, mainiacjoe_overflow_divided_tiny,
          minmay_lizard_king
D:6:      layout_cave_pods, fiery_altar_vehumet, serial_glass, glass_columns_a,
          glass_columns_a, nicolae_ossuary_entry_giza
Temple:   nicolae_temple_x_marks_the_god

Skill      XL: |  1  2  3  4  5  6  7 |
---------------+----------------------+-----
Throwing       | 2 3 4 |  4.6
Long Blades    | 3 4 5 |  5.1
Dodging        | 3 4 5 |  5.1
Fighting       | 3 4 5 |  5.1

Action                     |  1- 3 |  4- 6 |  7- 9 || total
---------------------------+-------+-------+-------++-------
  Melee: Long sword        |   136 |    10 |       ||   146
         Falchion          |       |    69 |    75 ||   144
         Headbutt          |       |     4 |    15 ||    19
  Throw: Dart              |       |     2 |       ||     2
    Use: Scroll            |       |       |     9 ||     9
 Armour: Leather armour    |    49 |       |       ||    49
         Ring mail         |    31 |    12 |       ||    43
         Chain mail        |       |    31 |    47 ||    78
  Dodge: Dodged            |   107 |    43 |    43 ||   193

Table legend: (Time is in decaauts)
 A = Elapsed time spent in this place.
 B = Non-inter-level travel time spent in this place.
 C = Inter-level travel time spent in this place.
 D = Time resting spent in this place.
 E = Time spent auto-exploring this place.
 F = Levels seen in this place.
 G = Mean time per level.
                   A        B        C        D        E       F      G
               +--------+--------+--------+--------+--------+-----+--------+
         Total |   4893 |   4492 |    401 |    151 |   3490 |   7 |  699.0 |
       Dungeon |   4763 |   4471 |    292 |    151 |   3490 |   6 |  793.8 |
        Temple |    129 |     20 |    109 |      0 |      0 |   1 |  129.0 |
               +--------+--------+--------+--------+--------+-----+--------+

Top non-repeatable levels by time:
     D:5: 1242 daAuts
     D:4: 899 daAuts
     D:2: 856 daAuts
     D:3: 841 daAuts
     D:1: 787 daAuts
     D:6: 137 daAuts
  Temple: 129 daAuts
